| TOP OF THE 1ST |
|
Florida Marlins batting - Pitching for Cincinnati Reds : RHP Mike Mussina
|
|
Pitching: RHP Mike Mussina
|
|
|
Batting: SHB Luis Castillo
|
0-0: Ground out 4-3 (Groundball, 4, EV 82.5 MPH)
|
|
Batting: RHB Edgardo Alfonzo
|
0-0: Ball 1-0: Ball 2-0: Ball 3-0: Called Strike 3-1: Called Strike 3-2: Strikes out swinging
|
|
Batting: SHB Bobby Bonilla
|
0-0: Ball 1-0: Called Strike 1-1: Foul Ball, location: 2F 1-2: Strikes out swinging
|
| Top of the 1st over - 0 runs, 0 hits, 0 errors, 0 left on base; Florida 0 - Cincinnati 0 |
| BOTTOM OF THE 1ST |
|
Cincinnati Reds batting - Pitching for Florida Marlins : RHP Roger Clemens
|
|
Pitching: RHP Roger Clemens
|
|
|
Batting: LHB Fernando Vina
|
0-0: SINGLE (Groundball, 34D, EV 99.4 MPH)
|
|
Batting: RHB Scott Rolen
|
0-0: Ball 1-0: Called Strike 1-1: Foul Ball, location: 2F 1-2: Ball 2-2: Foul Ball, location: 2F 2-2: Fielders Choice at 2nd, 6-4 (Groundball, 6, EV 105.0 MPH)
|
|
Batting: SHB Bernie Williams
|
0-0: Called Strike 0-1: Foul Ball, location: 2F 0-2: Ball 1-2: Ground out 6-3 (Groundball, 6M, EV 88.8 MPH) Scott Rolen to second
|
|
Batting: LHB Bobby Higginson
|
0-0: Ball 1-0: Ball 2-0: Ball 3-0: Called Strike 3-1: Foul Ball, location: 2F 3-2: Fly out, F7 (Flyball, 7S, EV 88.8 MPH)
|
| Bottom of the 1st over - 0 runs, 1 hit, 0 errors, 1 left on base; Florida 0 - Cincinnati 0 |
| TOP OF THE 2ND |
|
Florida Marlins batting - Pitching for Cincinnati Reds : RHP Mike Mussina
|
|
Batting: RHB Richie Sexson
|
0-0: Called Strike 0-1: Foul Ball, location: 2F 0-2: Foul Ball, location: 2F 0-2: Foul Ball, location: 2F 0-2: Ball 1-2: Strikes out swinging
|
|
Batting: RHB Charles Johnson
|
0-0: Called Strike 0-1: Called Strike 0-2: Strikes out swinging
|
|
Batting: RHB Rondell White
|
0-0: Swinging Strike 0-1: Fly out, F9 (Line Drive, 9, EV 90.6 MPH)
|
| Top of the 2nd over - 0 runs, 0 hits, 0 errors, 0 left on base; Florida 0 - Cincinnati 0 |
| BOTTOM OF THE 2ND |
|
Cincinnati Reds batting - Pitching for Florida Marlins : RHP Roger Clemens
|
|
Batting: RHB Javy Lopez
|
0-0: Ground out 5-3 (Groundball, 56S, EV 84.4 MPH)
|
|
Batting: LHB Fred McGriff
|
0-0: Ball 1-0: Called Strike 1-1: Swinging Strike 1-2: Ball 2-2: Ball 3-2: Fly out, F5 (Popup, 25F, EV 85.0 MPH)
|
|
Batting: SHB Scott Spiezio
|
0-0: Swinging Strike 0-1: SINGLE (Line Drive, 9S, EV 98.1 MPH)
|
|
Batting: SHB Omar Vizquel
|
0-0: Called Strike 0-1: Ball 1-1: Called Strike 1-2: Foul Ball, location: 2F 1-2: Strikes out swinging
|
| Bottom of the 2nd over - 0 runs, 1 hit, 0 errors, 1 left on base; Florida 0 - Cincinnati 0 |
| TOP OF THE 3RD |
|
Florida Marlins batting - Pitching for Cincinnati Reds : RHP Mike Mussina
|
|
Batting: RHB Juan Encarnacion
|
0-0: Called Strike 0-1: Ball 1-1: Swinging Strike 1-2: Ground out U3 (Groundball, 3S, EV 70.0 MPH)
|
|
Batting: LHB Craig Counsell
|
0-0: Ball 1-0: Ball 2-0: Ball 3-0: Base on Balls
|
|
Batting: RHB Lance Blankenship
|
0-0: Called Strike 0-1: Foul Ball, location: 2F 0-2: Ball 1-2: Foul Ball, location: 2F 1-2: Ball 2-2: SINGLE (Line Drive, 34, EV 105.6 MPH) Craig Counsell to second
|
|
Batting: SHB Luis Castillo
|
0-0: Ball 1-0: SINGLE (Groundball, 3, EV 90.0 MPH) (infield hit) Craig Counsell to third Lance Blankenship to second
|
|
Batting: RHB Edgardo Alfonzo
|
0-0: Swinging Strike 0-1: Fly out, F7 (Flyball, 7S, EV 79.4 MPH)
|
|
Batting: SHB Bobby Bonilla
|
0-0: Ground out 5-3 (Groundball, 56S, EV 66.9 MPH)
|
| Top of the 3rd over - 0 runs, 2 hits, 0 errors, 3 left on base; Florida 0 - Cincinnati 0 |
| BOTTOM OF THE 3RD |
|
Cincinnati Reds batting - Pitching for Florida Marlins : RHP Roger Clemens
|
|
Batting: SHB Dwayne Hosey
|
0-0: Ball 1-0: Called Strike 1-1: Ball 2-1: Called Strike 2-2: Fly out, F2 (Popup, 15S, EV 81.9 MPH)
|
|
Batting: LHB Fernando Vina
|
0-0: Ball 1-0: Ground out U3 (Groundball, 3, EV 93.1 MPH)
|
|
Batting: RHB Scott Rolen
|
0-0: Ball 1-0: Ball 2-0: Called Strike 2-1: Called Strike 2-2: Strikes out swinging
|
| Bottom of the 3rd over - 0 runs, 0 hits, 0 errors, 0 left on base; Florida 0 - Cincinnati 0 |
| TOP OF THE 4TH |
|
Florida Marlins batting - Pitching for Cincinnati Reds : RHP Mike Mussina
|
|
Batting: RHB Richie Sexson
|
0-0: Called Strike 0-1: Foul Ball, location: 2F 0-2: Foul Ball, location: 2F 0-2: Ball 1-2: Strikes out swinging
|
|
Batting: RHB Charles Johnson
|
0-0: Swinging Strike 0-1: Called Strike 0-2: Ball 1-2: Strikes out swinging
|
|
Batting: RHB Rondell White
|
0-0: Called Strike 0-1: Fly out, F8 (Flyball, 8RM, EV 91.9 MPH)
|
| Top of the 4th over - 0 runs, 0 hits, 0 errors, 0 left on base; Florida 0 - Cincinnati 0 |
| BOTTOM OF THE 4TH |
|
Cincinnati Reds batting - Pitching for Florida Marlins : RHP Roger Clemens
|
|
Batting: SHB Bernie Williams
|
0-0: Fly out, F7 (Line Drive, 7D, EV 104.4 MPH)
|
|
Batting: LHB Bobby Higginson
|
0-0: Fly out, F9 (Line Drive, 9, EV 101.9 MPH)
|
|
Batting: RHB Javy Lopez
|
0-0: Ball 1-0: SINGLE (Line Drive, 89M, EV 91.3 MPH)
|
|
Batting: LHB Fred McGriff
|
0-0: Ball 1-0: Called Strike 1-1: Foul Ball, location: 2F 1-2: Foul Ball, location: 2F 1-2: Ball 2-2: Ball 3-2: DOUBLE (Flyball, 89XD, EV 105.6 MPH) Javy Lopez to third Javy Lopez scores
|
|
Batting: SHB Scott Spiezio
|
0-0: Called Strike 0-1: Ball 1-1: Fly out, F8 (Line Drive, 8LM, EV 108.8 MPH)
|
| Bottom of the 4th over - 1 run, 2 hits, 0 errors, 1 left on base; Florida 0 - Cincinnati 1 |
| TOP OF THE 5TH |
|
Florida Marlins batting - Pitching for Cincinnati Reds : RHP Mike Mussina
|
|
Batting: RHB Juan Encarnacion
|
0-0: Called Strike 0-1: Swinging Strike 0-2: Ball 1-2: Foul Ball, location: 2F 1-2: Ball 2-2: Ground out 6-3 (Groundball, 6, EV 81.9 MPH)
|
|
Batting: LHB Craig Counsell
|
0-0: Foul Ball, location: 2F 0-1: Ball 1-1: SOLO HOME RUN (Flyball, 7LD, EV 95.6 MPH), Distance : 334 ft
|
|
Batting: RHB Lance Blankenship
|
0-0: Called Strike 0-1: Swinging Strike 0-2: Strikes out looking
|
|
Batting: SHB Luis Castillo
|
0-0: Called Strike 0-1: Swinging Strike 0-2: Ball 1-2: Strikes out swinging
|
| Top of the 5th over - 1 run, 1 hit, 0 errors, 0 left on base; Florida 1 - Cincinnati 1 |
| BOTTOM OF THE 5TH |
|
Cincinnati Reds batting - Pitching for Florida Marlins : RHP Roger Clemens
|
|
Batting: SHB Omar Vizquel
|
0-0: Ball 1-0: SINGLE (Groundball, 6MS, EV 91.9 MPH) (infield hit)
|
|
Batting: SHB Dwayne Hosey
|
0-0: Sac Bunt to 5S - play at first, batter OUT! 5-3 Omar Vizquel to second
|
|
Batting: LHB Fernando Vina
|
0-0: Ball 1-0: Ball 2-0: Ball 3-0: Called Strike 3-1: Fly out, F8 (Flyball, 8RM, EV 85.6 MPH)
|
|
Batting: RHB Scott Rolen
|
0-0: Ball 1-0: Called Strike 1-1: Fly out, F8 (Flyball, 8RXD, EV 96.9 MPH)
|
| Bottom of the 5th over - 0 runs, 1 hit, 0 errors, 1 left on base; Florida 1 - Cincinnati 1 |
| TOP OF THE 6TH |
|
Florida Marlins batting - Pitching for Cincinnati Reds : RHP Mike Mussina
|
|
Batting: RHB Edgardo Alfonzo
|
0-0: Called Strike 0-1: Ball 1-1: Swinging Strike 1-2: Strikes out swinging
|
|
Batting: SHB Bobby Bonilla
|
0-0: Foul Ball, location: 2F 0-1: SINGLE (Groundball, 56S, EV 65.6 MPH) (infield hit)
|
|
Batting: RHB Richie Sexson
|
0-0: Foul Ball, location: 2F 0-1: Foul Ball, location: 2F 0-2: Fielders Choice at 2nd, 4-6 (Groundball, 4, EV 87.5 MPH)
|
|
Batting: RHB Charles Johnson
|
0-0: Called Strike 0-1: Ball 1-1: SINGLE (Line Drive, 7LS, EV 90.0 MPH) Richie Sexson to second
|
|
Batting: RHB Rondell White
|
0-0: Ball 1-0: Called Strike 1-1: Ball 2-1: Called Strike 2-2: Fly out, F9 (Flyball, 9S, EV 95.0 MPH)
|
| Top of the 6th over - 0 runs, 2 hits, 0 errors, 2 left on base; Florida 1 - Cincinnati 1 |
| BOTTOM OF THE 6TH |
|
Cincinnati Reds batting - Pitching for Florida Marlins : RHP Roger Clemens
|
|
Batting: SHB Bernie Williams
|
0-0: Foul Ball, location: 2F 0-1: Swinging Strike 0-2: Ground out 6-3 (Groundball, 56, EV 86.3 MPH)
|
|
Batting: LHB Bobby Higginson
|
0-0: Ball 1-0: Ball 2-0: Ball 3-0: Base on Balls
|
|
Batting: RHB Javy Lopez
|
0-0: Ball 1-0: Ball 2-0: Ball 3-0: Called Strike 3-1: Base on Balls Bobby Higginson to second
|
|
Batting: LHB Fred McGriff
|
0-0: Foul Ball, location: 2F 0-1: Foul Ball, location: 2F 0-2: Ball 1-2: Fly out, F8 (Flyball, 8RM, EV 83.8 MPH)
|
|
Batting: SHB Scott Spiezio
|
0-0: Ground out 4-3 (Groundball, 4, EV 85.6 MPH)
|
| Bottom of the 6th over - 0 runs, 0 hits, 0 errors, 2 left on base; Florida 1 - Cincinnati 1 |
| TOP OF THE 7TH |
|
Florida Marlins batting - Pitching for Cincinnati Reds : RHP Mike Mussina
|
|
Batting: RHB Juan Encarnacion
|
0-0: Ball 1-0: Swinging Strike 1-1: Swinging Strike 1-2: SINGLE (Groundball, 34S, EV 66.3 MPH) (infield hit)
|
|
Batting: LHB Craig Counsell
|
0-0: Ball 1-0: Ball 2-0: Ball 3-0: Base on Balls Juan Encarnacion to second
|
|
Batting: RHB Lance Blankenship
|
0-0: Bunted foul 0-1: Ball 1-1: Ball 2-1: Ball 3-1: Bunted foul 3-2: Fly out, F9 (Line Drive, 9D, EV 96.9 MPH) Runner from 2nd tags up, SAFE at 3rd, no throw by RF
|
|
Batting: SHB Luis Castillo
|
0-0: Called Strike 0-1: Foul Ball, location: 2F 0-2: Ball 1-2: Ball 2-2: Foul Ball, location: 2F 2-2: Ball 3-2: SINGLE (Groundball, 34, EV 95.0 MPH) Juan Encarnacion scores Craig Counsell to second Runner from 2nd tries for 3rd, OUT! 9-5
|
|
Batting: RHB Edgardo Alfonzo
|
0-0: Ball 1-0: Ball Luis Castillo is caught stealing 2nd base 2-4
|
| Top of the 7th over - 1 run, 2 hits, 0 errors, 0 left on base; Florida 2 - Cincinnati 1 |
| BOTTOM OF THE 7TH |
|
Cincinnati Reds batting - Pitching for Florida Marlins : RHP Roger Clemens
|
|
Batting: SHB Omar Vizquel
|
0-0: Ball 1-0: Fly out, F8 (Flyball, 8RD, EV 108.1 MPH)
|
|
Batting: SHB Dwayne Hosey
|
0-0: Called Strike 0-1: Foul Ball, location: 2F 0-2: Foul Ball, location: 2F 0-2: Strikes out looking
|
|
Batting: LHB Fernando Vina
|
0-0: Called Strike 0-1: Ball 1-1: Hit by Pitch
|
|
Batting: RHB Scott Rolen
|
0-0: Ball 1-0: Ball 2-0: Called Strike 2-1: Ball 3-1: Called Strike 3-2: Base on Balls Fernando Vina to second
|
|
Batting: SHB Bernie Williams
|
0-0: SINGLE (Line Drive, 89M, EV 88.8 MPH) Fernando Vina to third Scott Rolen to second Runner from 3rd tries for Home, SAFE, no throw by CF
|
|
Batting: LHB Bobby Higginson
|
0-0: Ball 1-0: Fielders Choice at 2nd, 5-4 (Groundball, 5, EV 84.4 MPH)
|
| Bottom of the 7th over - 1 run, 1 hit, 0 errors, 2 left on base; Florida 2 - Cincinnati 2 |
| TOP OF THE 8TH |
|
Florida Marlins batting - Pitching for Cincinnati Reds : RHP Mike Mussina
|
|
Pitching: RHP Doug Henry
|
|
|
Batting: RHB Edgardo Alfonzo
|
0-0: Swinging Strike 0-1: Ball 1-1: Ball 2-1: Called Strike 2-2: Ball 3-2: Ground out 6-3 (Groundball, 6, EV 85.6 MPH)
|
|
Batting: SHB Bobby Bonilla
|
0-0: Ball 1-0: Ball 2-0: Foul Ball, location: 2F 2-1: Ground out 5-3 (Groundball, 56S, EV 86.3 MPH)
|
|
Batting: RHB Richie Sexson
|
0-0: Foul Ball, location: 2F 0-1: Ball 1-1: Swinging Strike 1-2: Strikes out swinging
|
| Top of the 8th over - 0 runs, 0 hits, 0 errors, 0 left on base; Florida 2 - Cincinnati 2 |
| BOTTOM OF THE 8TH |
|
Cincinnati Reds batting - Pitching for Florida Marlins : RHP Roger Clemens
|
|
Batting: RHB Javy Lopez
|
0-0: Called Strike 0-1: Ball 1-1: Called Strike 1-2: Ball 2-2: Foul Ball, location: 2F 2-2: SINGLE (Line Drive, 9LM, EV 106.3 MPH)
|
|
Pitching: RHP Paul Shuey
|
|
|
Batting: LHB Fred McGriff
|
0-0: Called Strike 0-1: Called Strike 0-2: Strikes out swinging
|
|
Batting: SHB Scott Spiezio
|
0-0: Called Strike 0-1: Foul Ball, location: 2F 0-2: Grounds into double play, 6-4-3 (Groundball, 6, EV 85.6 MPH)
|
| Bottom of the 8th over - 0 runs, 1 hit, 0 errors, 0 left on base; Florida 2 - Cincinnati 2 |
| TOP OF THE 9TH |
|
Florida Marlins batting - Pitching for Cincinnati Reds : RHP Doug Henry
|
|
Batting: RHB Charles Johnson
|
0-0: Foul Ball, location: 2F 0-1: Ball 1-1: Swinging Strike 1-2: Ground out 6-3 (Groundball, 6, EV 100.0 MPH)
|
|
Batting: RHB Rondell White
|
0-0: Called Strike 0-1: Foul Ball, location: 2F 0-2: Fly out, F9 (Flyball, 9LS, EV 84.4 MPH)
|
|
Batting: RHB Juan Encarnacion
|
0-0: Ball 1-0: Ball 2-0: Swinging Strike 2-1: Foul Ball, location: 2F 2-2: Strikes out swinging
|
| Top of the 9th over - 0 runs, 0 hits, 0 errors, 0 left on base; Florida 2 - Cincinnati 2 |
| BOTTOM OF THE 9TH |
|
Cincinnati Reds batting - Pitching for Florida Marlins : RHP Paul Shuey
|
|
Pinch Hitting: LHB Matt Lawton
|
0-0: Called Strike 0-1: Called Strike 0-2: Ball 1-2: Foul Ball, location: 2F 1-2: Foul Ball, location: 2F 1-2: Ball 2-2: Ball 3-2: Foul Ball, location: 2F 3-2: Base on Balls
|
|
Batting: SHB Dwayne Hosey
|
0-0: Called Strike 0-1: Ball 1-1: Bunted foul 1-2: Strikes out swinging
|
|
Batting: LHB Fernando Vina
|
0-0: Ball 1-0: Ball 2-0: Bunt missed! 2-1: Sac Bunt to 15S - play at first, batter OUT! 1-4 Matt Lawton to second
|
|
Batting: RHB Scott Rolen
|
0-0: Ball 1-0: Called Strike 1-1: Ball 2-1: Fly out, F3 (Popup, 3SF, EV 70.6 MPH)
|
| Bottom of the 9th over - 0 runs, 0 hits, 0 errors, 1 left on base; Florida 2 - Cincinnati 2 |
| TOP OF THE 10TH |
|
Florida Marlins batting - Pitching for Cincinnati Reds : RHP Doug Henry
|
|
Pitching: LHP Arthur Rhodes
|
|
|
Now at SS: Miguel Cairo
|
|
|
Pinch Hitting: RHB Pedro Munoz
|
0-0: Ball 1-0: SOLO HOME RUN (Flyball, 7LD, EV 100.0 MPH), Distance : 343 ft
|
|
Batting: RHB Lance Blankenship
|
0-0: Called Strike 0-1: Ball 1-1: Ball 2-1: Called Strike 2-2: Foul Ball, location: 2F 2-2: Foul Ball, location: 2F 2-2: Foul Ball, location: 2F 2-2: Strikes out swinging
|
|
Batting: SHB Luis Castillo
|
0-0: Ball 1-0: Ball 2-0: Called Strike 2-1: Ball 3-1: Base on Balls
|
|
Batting: RHB Edgardo Alfonzo
|
0-0: Called Strike Luis Castillo steals 2nd base 0-1: Ball 1-1: Ball 2-1: Ball 3-1: Swinging Strike 3-2: Base on Balls
|
|
Batting: SHB Bobby Bonilla
|
0-0: Called Strike Luis Castillo is caught stealing 3rd base 2-5 0-1: Ball 1-1: Swinging Strike 1-2: Strikes out swinging
|
| Top of the 10th over - 1 run, 1 hit, 0 errors, 1 left on base; Florida 3 - Cincinnati 2 |
| BOTTOM OF THE 10TH |
|
Cincinnati Reds batting - Pitching for Florida Marlins : RHP Paul Shuey
|
|
Pitching: RHP Bryan Harvey
|
|
|
Now at SS: F P Santangelo
|
|
|
Batting: SHB Bernie Williams
|
0-0: Foul Ball, location: 2F 0-1: SINGLE (Flyball, 89D, EV 108.1 MPH)
|
|
Batting: LHB Bobby Higginson
|
0-0: Fly out, F4 (Popup, 34, EV 71.3 MPH)
|
|
Batting: RHB Javy Lopez
|
0-0: Ball 1-0: SINGLE (Groundball, 4MD, EV 108.8 MPH) Bernie Williams to second Runner from 2nd tries for 3rd, SAFE, throw by CF made to third
|
|
Batting: LHB Fred McGriff
|
0-0: Ball Wild Pitch! Bernie Williams scores Javy Lopez to second 1-0: Foul Ball, location: 2F 1-1: Foul Ball, location: 2F 1-2: Ball 2-2: Strikes out swinging
|
|
Batting: SHB Scott Spiezio
|
0-0: Intentional Walk
|
|
Pinch Hitting: LHB Henry L. Rodriguez
|
0-0: Called Strike 0-1: Fielders Choice at 2nd, 6-4 (Groundball, 56, EV 83.8 MPH)
|
| Bottom of the 10th over - 1 run, 2 hits, 0 errors, 2 left on base; Florida 3 - Cincinnati 3 |
| TOP OF THE 11TH |
|
Florida Marlins batting - Pitching for Cincinnati Reds : LHP Arthur Rhodes
|
|
Now at SS: Jose Offerman
|
|
|
Batting: RHB Richie Sexson
|
0-0: DOUBLE (Line Drive, 89XD, EV 101.3 MPH)
|
|
Batting: RHB Charles Johnson
|
0-0: Foul Ball, location: 2F 0-1: Swinging Strike 0-2: Ball 1-2: Ball 2-2: Foul Ball, location: 2F 2-2: Ball 3-2: Strikes out swinging, 2-3 out at first.
|
|
Batting: RHB Rondell White
|
0-0: Ball 1-0: Ball 2-0: Foul Ball, location: 2F 2-1: Called Strike 2-2: Ball 3-2: Strikes out looking
|
|
Batting: RHB Juan Encarnacion
|
0-0: Intentional Walk
|
|
Batting: SHB F P Santangelo
|
0-0: Called Strike 0-1: Foul Ball, location: 2F 0-2: Ball 1-2: Hit by Pitch Richie Sexson to third Juan Encarnacion to second
|
|
Batting: RHB Lance Blankenship
|
0-0: Ball 1-0: Foul Ball, location: 2F 1-1: Foul Ball, location: 2F 1-2: Strikes out swinging
|
| Top of the 11th over - 0 runs, 1 hit, 0 errors, 3 left on base; Florida 3 - Cincinnati 3 |
| BOTTOM OF THE 11TH |
|
Cincinnati Reds batting - Pitching for Florida Marlins : RHP Bryan Harvey
|
|
Pitching: LHP Billy Wagner
|
|
|
Batting: SHB Dwayne Hosey
|
0-0: Foul Ball, location: 2F 0-1: Called Strike 0-2: Ball 1-2: Ball 2-2: Strikes out swinging
|
|
Batting: LHB Fernando Vina
|
0-0: Called Strike 0-1: Ball 1-1: Ball 2-1: Ground out 4-3 (Groundball, 4, EV 83.1 MPH)
|
|
Batting: RHB Scott Rolen
|
0-0: Ball 1-0: Foul Ball, location: 2F 1-1: Called Strike 1-2: Foul Ball, location: 2F 1-2: Strikes out swinging
|
| Bottom of the 11th over - 0 runs, 0 hits, 0 errors, 0 left on base; Florida 3 - Cincinnati 3 |
| TOP OF THE 12TH |
|
Florida Marlins batting - Pitching for Cincinnati Reds : LHP Arthur Rhodes
|
|
Batting: SHB Luis Castillo
|
0-0: Foul Ball, location: 2F 0-1: Called Strike 0-2: Ball 1-2: Foul Ball, location: 2F 1-2: Ball 2-2: Ball 3-2: Strikes out swinging
|
|
Batting: RHB Edgardo Alfonzo
|
0-0: Called Strike 0-1: Called Strike 0-2: Strikes out swinging
|
|
Batting: SHB Bobby Bonilla
|
0-0: Ball 1-0: Reached on error, E3 (Popup, 3L, EV 76.3 MPH)
|
|
Batting: RHB Richie Sexson
|
0-0: Ball 1-0: Called Strike 1-1: Swinging Strike 1-2: Strikes out looking
|
| Top of the 12th over - 0 runs, 0 hits, 1 error, 1 left on base; Florida 3 - Cincinnati 3 |
| BOTTOM OF THE 12TH |
|
Cincinnati Reds batting - Pitching for Florida Marlins : LHP Billy Wagner
|
|
Batting: SHB Bernie Williams
|
0-0: Called Strike 0-1: Ball 1-1: Swinging Strike 1-2: Strikes out swinging
|
|
Batting: LHB Bobby Higginson
|
0-0: Called Strike 0-1: Foul Ball, location: 2F 0-2: Ball 1-2: Reached on error, E6 (Groundball, 6, EV 83.1 MPH)
|
|
Batting: RHB Javy Lopez
|
0-0: Ball 1-0: Foul Ball, location: 2F 1-1: Ball 2-1: Called Strike 2-2: Grounds into double play, 4-6-3 (Groundball, 34, EV 108.1 MPH)
|
| Bottom of the 12th over - 0 runs, 0 hits, 1 error, 0 left on base; Florida 3 - Cincinnati 3 |
| TOP OF THE 13TH |
|
Florida Marlins batting - Pitching for Cincinnati Reds : LHP Arthur Rhodes
|
|
Batting: RHB Charles Johnson
|
0-0: Ball 1-0: Ball 2-0: Called Strike 2-1: Foul Ball, location: 2F 2-2: Foul Ball, location: 2F 2-2: Ball 3-2: SINGLE (Flyball, 9S, EV 90.0 MPH)
|
|
Pitching: LHP Felix Heredia
|
|
|
Batting: RHB Rondell White
|
0-0: Ball 1-0: Called Strike 1-1: SINGLE (Groundball, 6MD, EV 83.1 MPH) (infield hit) Charles Johnson to second
|
|
Batting: RHB Juan Encarnacion
|
0-0: Ball 1-0: Ball 2-0: Called Strike 2-1: Called Strike 2-2: Foul Ball, location: 2F 2-2: Foul Ball, location: 2F 2-2: 3-RUN HOME RUN (Line Drive, 7D, EV 102.5 MPH), Distance : 386 ft
|
|
Batting: SHB F P Santangelo
|
0-0: Ball 1-0: Swinging Strike 1-1: Ball 2-1: Swinging Strike 2-2: Foul Ball, location: 2F 2-2: Ball 3-2: Reached on error, E1 (Groundball, P, EV 68.1 MPH)
|
|
Batting: RHB Lance Blankenship
|
0-0: Ball 1-0: Bunt missed! 1-1: Sac Bunt to P - play at first, batter OUT! 1-4 F P Santangelo to second
|
|
Batting: SHB Luis Castillo
|
0-0: Called Strike 0-1: Ball 1-1: Foul Ball, location: 2F 1-2: Ball 2-2: Ground out 5-3 (Groundball, 56, EV 103.1 MPH)
|
|
Batting: RHB Edgardo Alfonzo
|
0-0: Called Strike 0-1: Ball 1-1: Foul Ball, location: 2F 1-2: Ball 2-2: Ground out 5-3 (Groundball, 56, EV 90.6 MPH)
|
| Top of the 13th over - 3 runs, 3 hits, 1 error, 1 left on base; Florida 6 - Cincinnati 3 |
| BOTTOM OF THE 13TH |
|
Cincinnati Reds batting - Pitching for Florida Marlins : LHP Billy Wagner
|
|
Batting: LHB Fred McGriff
|
0-0: Ball 1-0: SOLO HOME RUN (Flyball, 89XD, EV 105.0 MPH), Distance : 398 ft
|
|
Batting: SHB Scott Spiezio
|
0-0: Ball 1-0: Ball 2-0: Swinging Strike 2-1: Called Strike 2-2: Foul Ball, location: 2F 2-2: Ball 3-2: Foul Ball, location: 2F 3-2: Fly out, F7 (Flyball, 78D, EV 103.1 MPH)
|
|
Batting: SHB Jose Offerman
|
0-0: Ball 1-0: Foul Ball, location: 2F 1-1: Foul Ball, location: 2F 1-2: Ball 2-2: Foul Ball, location: 2F 2-2: Foul Ball, location: 2F 2-2: Foul Ball, location: 2F 2-2: Ball 3-2: Fly out, F8 (Flyball, 8RD, EV 88.8 MPH)
|
|
Batting: SHB Dwayne Hosey
|
0-0: Swinging Strike 0-1: Ball 1-1: Swinging Strike 1-2: Ball 2-2: Ball 3-2: Strikes out looking
|
| Bottom of the 13th over - 1 run, 1 hit, 0 errors, 0 left on base; Florida 6 - Cincinnati 4 |
|